[Event "ICC tourney 2066 (45 10)"]
[Site "Internet Chess Club"]
[Date "2020.10.17"]
[Round "2"]
[White "kaiclc"]
[Black "chessw23"]
[Result "1-0"]
[ICCResult "Black checkmated"]
[WhiteElo "2037"]
[BlackElo "1968"]
[Opening "Petrov: Italian variation"]
[ECO "C24"]
[NIC "IG.04"]
[Time "13:31:27"]
[TimeControl "2700+10"]

1. e4 e5 2. Bc4 Nf6 3. Nf3 d6 4. Nc3 c6 5. d4 exd4 6. Nxd4 Be7 7. f4 Nxe4 8.
Bxf7+ Kxf7 9. Nxe4 d5 10. Ng5+ Bxg5 11. Qh5+ g6 12. Qxg5 Re8+ 13. Kf2 Qxg5
14. fxg5 Nd7 15. h4 Nc5 16. h5 Ne4+ 17. Kf3 Kg7 18. Bf4 Bd7 19. hxg6 hxg6
20. Rh6 Rf8 21. Rah1 Nxg5+ 22. Kg3 Ne4+ 23. Kf3 Nf6 24. Be5 Bg4+ 25. Kf4 Bh5
26. Kg5 Rae8 27. Nf5+ Kf7 28. Bxf6 gxf5 29. R1xh5 Re2 30. Rh7+ Ke8 31. Rxb7
Rxg2+ 32. Kf4 Rxf6 33. Rh8+ Rf8 34. Rb8+ Ke7 35. Rhxf8 Rxc2 36. Rxf5 Kd6 37.
Ke3 Kc5 38. Rf2 Rc1 39. Kd3 Rd1+ 40. Kc2 Ra1 41. a3 Rh1 42. Rb3 Rh6 43. Rc3+
Kb6 44. b4 Re6 45. a4 a6 46. Rf7 Rh6 47. a5+ Kb5 48. Kb3 c5 49. Rxc5#
{Black checkmated}
1-0

[Event "ICC tourney 2066 (45 10)"]
[Site "Internet Chess Club"]
[Date "2020.10.17"]
[Round "2"]
[White "drberkley"]
[Black "GLeschinsky"]
[Result "1/2-1/2"]
[ICCResult "Game drawn by repetition"]
[WhiteElo "1919"]
[BlackElo "2087"]
[Opening "Caro-Kann: Steinitz variation"]
[ECO "B17"]
[NIC "CK.05"]
[Time "13:32:01"]
[TimeControl "2700+10"]

1. e4 c6 2. Nc3 d5 3. d4 dxe4 4. Nxe4 Nd7 5. Be3 Ngf6 6. Ng5 Nd5 7. Bd2 e6
8. Qf3 N5f6 9. O-O-O h6 10. N5h3 Qc7 11. Ne2 Bd6 12. Nhf4 b6 13. Nh5 Nxh5
14. Qxh5 Nf6 15. Qf3 Bb7 16. Bf4 O-O-O 17. Bxd6 Qxd6 18. Qg3 e5 19. f3 exd4
20. Nxd4 c5 21. Qxd6 Rxd6 22. Nf5 Rxd1+ 23. Kxd1 Rd8+ 24. Kc1 Nh5 25. Bc4
Nf4 26. Rg1 g6 27. Nxh6 Bd5 28. Ba6+ Kc7 29. g3 Rh8 30. Ng4 Nh3 31. Rf1 Ng5
32. f4 Nf3 33. h4 Nd4 34. Ne3 Be6 35. c3 Nf5 36. Nxf5 Bxf5 37. Bc4 f6 38.
Re1 Kd6 39. Kd2 Bd7 40. Re3 b5 41. Bf7 Bf5 42. Bb3 g5 43. fxg5 fxg5 44. Rf3
Be4 45. Re3 Bf5 46. Rf3 Be4 47. Rf6+ Ke5 48. hxg5 c4 49. Bd1 Rh2+ 50. Ke3
Rg2 51. g4 Rg3+ 52. Kf2 Rg2+ 53. Ke3 Rg3+ 54. Kf2 Rg2+ 55. Ke3
{Game drawn by repetition}
1/2-1/2

[Event "ICC tourney 2066 (45 10)"]
[Site "Internet Chess Club"]
[Date "2020.10.17"]
[Round "3"]
[White "TjkTiger"]
[Black "marble"]
[Result "1/2-1/2"]
[ICCResult "Game drawn by mutual agreement"]
[WhiteElo "2598"]
[BlackElo "2530"]
[Opening "English: three knights system"]
[ECO "A27"]
[NIC "EO.21"]
[Time "16:02:30"]
[TimeControl "2700+10"]

1. c4 e5 2. Nc3 Nc6 3. Nf3 f5 4. g3 Nf6 5. d4 e4 6. Nh4 d6 7. Bh3 g6 8. O-O
Bg7 9. Bg5 Ne7 10. f3 exf3 11. Nxf3 h6 12. Bxf6 Bxf6 13. e4 O-O 14. e5
{Game drawn by mutual agreement}
1/2-1/2

[Event "ICC tourney 2066 (45 10)"]
[Site "Internet Chess Club"]
[Date "2020.10.17"]
[Round "3"]
[White "funplaychess"]
[Black "Chessking2008"]
[Result "1/2-1/2"]
[ICCResult "Game drawn by mutual agreement"]
[WhiteElo "2328"]
[BlackElo "2184"]
[Opening "Benoni defense"]
[ECO "A61"]
[NIC "BI.38"]
[Time "16:02:10"]
[TimeControl "2700+10"]

1. d4 Nf6 2. c4 c5 3. d5 e6 4. Nc3 exd5 5. cxd5 d6 6. Nf3 g6 7. Bf4 Bg7 8.
Qa4+ Bd7 9. Qb3 Bc8 10. Nb5 O-O 11. Bxd6 Qa5+ 12. Nc3 Rd8 13. Be7 Re8 14.
Bxf6 Bxf6 15. e3 Bd7 16. Nd2 Na6 17. Nc4 Qc7 18. d6 Qd8 19. Nd5 b5 20. Nxf6+
Qxf6 21. Nd2 Rab8 22. Rd1 Rb6 23. Be2 c4 24. Qc2 Rxd6 25. O-O Nc5 26. Nf3
{Game drawn by mutual agreement}
1/2-1/2

[Event "ICC tourney 2066 (45 10)"]
[Site "Internet Chess Club"]
[Date "2020.10.17"]
[Round "3"]
[White "jy2020"]
[Black "Brian6712"]
[Result "1/2-1/2"]
[ICCResult "Game drawn by repetition"]
[WhiteElo "2216"]
[BlackElo "2067"]
[Opening "Sicilian: dragon, Yugoslav attack, 10.O-O-O"]
[ECO "B78"]
[NIC "SI.18"]
[Time "16:01:56"]
[TimeControl "2700+10"]

1. e4 c5 2. Nf3 d6 3. d4 cxd4 4. Nxd4 Nf6 5. Nc3 g6 6. Be3 Bg7 7. f3 O-O 8.
Qd2 Nc6 9. Bc4 Bd7 10. O-O-O Rc8 11. Bb3 Nxd4 12. Bxd4 b5 13. Nd5 Nxd5 14.
Bxg7 Kxg7 15. exd5 Kg8 16. a3 a5 17. g4 b4 18. axb4 axb4 19. Qxb4 Rb8 20.
Qc3 Qb6 21. Rd4 Rfc8 22. Rc4 Qa7 23. Re1 Rxc4 24. Bxc4 Rc8 25. Rxe7 Qg1+ 26.
Re1 Qxh2 27. b3 Bb5 28. Qd2 Qxd2+ 29. Kxd2 Bxc4 30. bxc4 Rxc4 31. Kd3 Ra4
32. Re7 Kf8 33. Rd7 Ra6 34. Rd8+ Ke7 35. Rh8 Ra5 36. Kd4 Ra4+ 37. Kd3 Rf4
38. Ke3 Rc4 39. Kd3 Rf4 40. Ke3 Rc4 41. Kd3 Rf4 42. Ke3
{Game drawn by repetition}
1/2-1/2

[Event "ICC tourney 2066 (45 10)"]
[Site "Internet Chess Club"]
[Date "2020.10.17"]
[Round "3"]
[White "GGuseinov"]
[Black "GeorgeDai"]
[Result "1-0"]
[ICCResult "Black resigns"]
[WhiteElo "2715"]
[BlackElo "2036"]
[Opening "Caro-Kann: Steinitz variation"]
[ECO "B17"]
[NIC "CK.02"]
[Time "16:01:55"]
[TimeControl "2700+10"]

1. e4 c6 2. d4 d5 3. Nd2 dxe4 4. Nxe4 Nd7 5. c3 Ngf6 6. Nxf6+ Nxf6 7. Bc4 e6
8. Nf3 h6 9. O-O Bd6 10. Ne5 O-O 11. Bf4 Qc7 12. Re1 b6 13. Qf3 Bb7 14. Qh3
c5 15. Bxh6 cxd4 16. cxd4 Bxe5 17. dxe5 gxh6 18. exf6 Qf4 19. Qg3+ Qxg3 20.
hxg3 Rac8 21. Bb3 Kh7 22. Rad1 Rc7 23. Rd4 Kg6 24. Rf4 Rfc8 25. Kh2 Rc1 26.
Rxc1 Rxc1 27. Bxe6 Rc5 28. g4 Kg5 29. Kg3 Kg6 30. Kh4 Bd5 31. b4 {Black
resigns} 1-0

[Event "ICC tourney 2066 (45 10)"]
[Site "Internet Chess Club"]
[Date "2020.10.17"]
[Round "3"]
[White "GLeschinsky"]
[Black "annameiyappan"]
[Result "1-0"]
[ICCResult "Black resigns"]
[WhiteElo "2197"]
[BlackElo "2011"]
[Opening "QGD Slav defense"]
[ECO "D10"]
[NIC "SL.01"]
[Time "16:01:50"]
[TimeControl "2700+10"]

1. d4 d5 2. c4 c6 3. Nc3 Nf6 4. e3 Bf5 5. cxd5 cxd5 6. Qb3 Qd7 7. Bb5 Nc6 8.
Nf3 e6 9. Ne5 Qc7 10. Qa4 Rc8 11. Qxa7 Bd6 12. Nxc6 O-O 13. Qa5 bxc6 14.
Qxc7 Rxc7 15. Be2 Ra8 16. O-O Ne4 17. Nxe4 Bxe4 18. Bd2 Rb7 19. Bc3 c5 20.
dxc5 Bxc5 21. Rfd1 Rba7 22. a3 Rc7 23. Bd3 Bg6 24. Bxg6 hxg6 25. Rdc1 Rb7
26. Kf1 Rb3 27. Ke2 f6 28. Kd3 e5 29. Kc2 Rab8 30. Bb4 Bxb4 31. Kxb3 Bd2+
32. Kc2 Bxc1 33. Rxc1 Kf7 34. b4 Ke7 35. Kb3 Kd6 36. a4 d4 37. a5 d3 38. e4
f5 39. f3 Rh8 40. Rd1 Rxh2 41. Rxd3+ Kc6 42. Rc3+ Kb7 43. exf5 gxf5 44. Rc5
Rxg2 45. Rxe5 Rg1 46. Rxf5 Rb1+ 47. Ka4 Kc6 48. b5+ Kd6 49. a6 Ra1+ 50. Kb4
Rb1+ 51. Ka5 g6 52. Rf6+ Kc5 53. Rc6+ Kd5 54. Rc2 Re1 55. a7 Re8 56. b6 Re1
57. a8=Q+ {Black resigns} 1-0

[Event "ICC tourney 2066 (45 10)"]
[Site "Internet Chess Club"]
[Date "2020.10.17"]
[Round "3"]
[White "MeWantCookie"]
[Black "chessw23"]
[Result "1/2-1/2"]
[ICCResult "Game drawn by repetition"]
[WhiteElo "2011"]
[BlackElo "1983"]
[Opening "Scotch: Potter variation"]
[ECO "C45"]
[NIC "SO.05"]
[Time "16:01:50"]
[TimeControl "2700+10"]

1. e4 e5 2. Nf3 Nc6 3. d4 exd4 4. Nxd4 Bc5 5. Nb3 Bb6 6. Bd3 Nf6 7. O-O d6
8. Nc3 h6 9. Na4 O-O 10. Nxb6 axb6 11. f4 Re8 12. Qf3 Be6 13. Bd2 Bxb3 14.
axb3 Nd4 15. Qe3 c5 16. h3 Nxe4 17. Rxa8 Qxa8 18. Re1 Nf6 19. Qf2 Rxe1+ 20.
Qxe1 Kf8 21. Bc3 Qe8 22. Qxe8+ Kxe8 23. Bxd4 cxd4 24. Kf2 Kd7 25. Ke2 d5 26.
Bf5+ Kd6 27. Kd3 g6 28. Bg4 Nxg4 29. hxg4 b5 30. Kxd4 g5 31. g3 f6 32. b4
Kc6 33. b3 Kd6 34. c4 bxc4 35. bxc4 dxc4 36. Kxc4 Kc6 37. b5+ Kd6 38. Kd4 b6
39. Kc4 Ke6 40. Kd4 Kd6 41. Ke4 Ke6 42. f5+ Kd6 43. Kd4 Kc7 44. Kc4 Kd6 45.
Kd4 Ke7 46. Kd5 Kd7 47. Kc4 Kd6 48. Kd4 Ke7 49. Kd5 Kd7 50. Kc4 Kd6 51. Kd4
Ke7 52. Kd5 Kd7 53. Kc4 Kd6 54. Kd4 {Game drawn by repetition} 1/2-1/2

[Event "ICC tourney 2066 (45 10)"]
[Site "Internet Chess Club"]
[Date "2020.10.17"]
[Round "3"]
[White "tcao"]
[Black "checkninja"]
[Result "1-0"]
[ICCResult "Black resigns"]
[WhiteElo "2070"]
[BlackElo "1983"]
[Opening "Sicilian: Najdorf, Opocensky variation"]
[ECO "B92"]
[NIC "SI.11"]
[Time "16:01:54"]
[TimeControl "2700+10"]

1. e4 c5 2. Nf3 d6 3. d4 cxd4 4. Nxd4 Nf6 5. Nc3 a6 6. Be2 e5 7. Nb3 Be7 8.
Be3 Be6 9. O-O O-O 10. f4 exf4 11. Bxf4 Nc6 12. Qe1 Ne8 13. Rd1 Qb6+ 14. Kh1
Ne5 15. Qg3 Ng6 16. Be3 Qc7 17. Nd4 b5 18. Nxe6 fxe6 19. Qh3 Rxf1+ 20. Rxf1
Nf8 21. e5 dxe5 22. Qf3 Nf6 23. Qxa8 b4 24. Ne4 Qxc2 25. Nxf6+ gxf6 26. Qxa6
Qxb2 27. Bc4 Qc3 28. Bxe6+ Kg7 29. Qa7 Ng6 30. Rc1 Qb2 31. Rc7 Qb1+ 32. Bg1
Kh6 33. Rxe7 Nf4 34. Qf2 {Black resigns} 1-0

[Event "ICC tourney 2066 (45 10)"]
[Site "Internet Chess Club"]
[Date "2020.10.17"]
[Round "3"]
[White "IndianTerritory"]
[Black "RogerZ"]
[Result "1/2-1/2"]
[ICCResult "Game drawn by mutual agreement"]
[WhiteElo "2071"]
[BlackElo "1961"]
[Opening "Giuoco Pianissimo"]
[ECO "C50"]
[NIC "IG.02"]
[Time "16:02:15"]
[TimeControl "2700+10"]

1. e4 e5 2. Nf3 Nc6 3. Bc4 Bc5 4. d3 Nf6 5. c3 d6 6. O-O h6 7. d4 Bb6 8.
dxe5 Nxe5 9. Nxe5 dxe5 10. Qxd8+ Kxd8 11. Nd2 Ke7 12. Nf3 Nd7 13. Re1 g5 14.
Be3 f6 15. Rad1 Bxe3 16. Rxe3 Nb6 17. Be2 Be6 18. b3 Rhd8 19. Ne1 a5 20.
Red3 a4 21. Rxd8 Rxd8 22. Rxd8 Kxd8 23. c4 axb3 24. axb3 Nd7 25. Nd3 b5 26.
cxb5 Bxb3 27. f3 Bc4 28. Nc1 Be6 29. Kf2 Kc8 30. Nd3 Kb7 31. Ke3 Kb6 32. Nb4
Nc5 33. h3 Nb7 34. g3 Nd6 35. f4 exf4+ 36. gxf4 gxf4+ 37. Kxf4 Nxb5 38. Bg4
c5 39. Bxe6 cxb4 40. e5 Nd4 41. Ba2 fxe5+ 42. Kxe5 Nf3+ 43. Kf4 Ng5 44. h4
Kc5 45. hxg5 hxg5+ 46. Kxg5 Kd4 {Game drawn by mutual agreement} 1/2-1/2

[Event "ICC tourney 2066 (45 10)"]
[Site "Internet Chess Club"]
[Date "2020.10.17"]
[Round "3"]
[White "drberkley"]
[Black "AJM04"]
[Result "0-1"]
[ICCResult "White resigns"]
[WhiteElo "1914"]
[BlackElo "2071"]
[Opening "Sicilian: Grand Prix attack"]
[ECO "B23"]
[NIC "SI.44"]
[Time "16:02:19"]
[TimeControl "2700+10"]

1. e4 c5 2. Nc3 Nc6 3. f4 g6 4. Nf3 Bg7 5. Bb5 Nd4 6. O-O a6 7. Bd3 d6 8.
Nxd4 cxd4 9. Ne2 Nf6 10. b3 Qb6 11. Kh1 Bg4 12. Qe1 O-O 13. Bb2 Nd7 14. Qf2
e5 15. h3 Be6 16. f5 gxf5 17. exf5 Bd5 18. Qh4 Bf6 19. Qg4+ Kh8 20. Be4 Rg8
21. Qf3 Bxe4 22. Qxe4 Rac8 23. c3 Nc5 24. Qd5 d3 25. Ng1 Qc6 26. Qxc6 bxc6
27. Rae1 d5 28. Nf3 Ne4 29. Kg1 Rg3 30. c4 Rcg8 31. Nxe5 Rxg2+ 32. Kh1 Rxd2
33. Nxf7+ Kg7 34. Bxf6+ Kxf6 35. Rxe4 dxe4 36. Nh6 Rgg2 37. Ng4+ Rxg4 38.
hxg4 e3 39. Re1 Re2 40. Rf1 d2 41. Kg1 Re1 {White resigns} 0-1

[Event "ICC tourney 2066 (45 10)"]
[Site "Internet Chess Club"]
[Date "2020.10.17"]
[Round "3"]
[White "mrlammy"]
[Black "kaiclc"]
[Result "0-1"]
[ICCResult "White checkmated"]
[WhiteElo "1468"]
[BlackElo "2023"]
[Opening "Queen's pawn: London system"]
[ECO "A45"]
[NIC "QP.07"]
[Time "16:01:57"]
[TimeControl "2700+10"]

1. d4 Nf6 2. Bf4 c6 3. e3 Qb6 4. Qc1 Nh5 5. Nf3 Nxf4 6. exf4 g6 7. c3 Bg7 8.
Bd3 O-O 9. O-O d6 10. Nbd2 Nd7 11. Re1 Nf6 12. Rxe7 Nd5 13. Nc4 Qd8 14. Re1
Bg4 15. Be4 Bh6 16. g3 Nxf4 17. gxf4 f5 18. Bxc6 bxc6 19. Ng5 Bxg5 20. fxg5
f4 21. h4 h6 22. Qc2 Bf5 23. Qb3 d5 24. Ne5 Rc8 25. Qa4 hxg5 26. Qxa7 gxh4
27. Kh2 Qc7 28. Qxc7 Rxc7 29. b4 g5 30. f3 Kh7 31. a4 Rg7 32. Nxc6 g4 33.
fxg4 Rxg4 34. Rg1 Rg3 35. Rxg3 fxg3+ 36. Kg2 Rg8 37. Ne7 h3+ 38. Kf3 Be4+
39. Kf4 Rg7 40. Nf5 Bxf5 41. Kxf5 g2 42. b5 h2 43. Ke6 h1=Q 44. Rxh1+ gxh1=Q
45. Kd6 Qa1 46. b6 Qxa4 47. Kxd5 Qb5+ 48. Ke6 Qxb6+ 49. Kd5 Qb5+ 50. Ke4
Re7+ 51. Kf4 Qf1+ 52. Kg5 Rg7+ 53. Kh4 Qh1# {White checkmated} 0-1

[Event "ICC tourney 2066 (45 10)"]
[Site "Internet Chess Club"]
[Date "2020.10.17"]
[Round "3"]
[White "Monkeybomb3605"]
[Black "IAlwaysWin"]
[Result "1-0"]
[ICCResult "Black forfeits on time"]
[WhiteElo "2052"]
[BlackElo "1949"]
[Opening "Caro-Kann: anti-Caro-Kann defense"]
[ECO "B10"]
[NIC "CK.01"]
[Time "16:02:18"]
[TimeControl "2700+10"]

1. e4 c6 2. c4 e6 3. Nc3 d5 4. exd5 cxd5 5. d4 Be7 6. Nf3 Nc6 7. Bf4 a6 8.
Rc1 Nf6 9. Bd3 O-O 10. c5 b6 11. Na4 bxc5 12. Nxc5 Qa5+ 13. Bd2 Qb6 14. Na4
Qb7 15. g4 Nb4 16. Bb1 Ne4 17. a3 Nc6 18. Qc2 Bd7 19. Nc3 f5 20. gxf5 Nxd2
21. Qxd2 Be8 22. Rg1 Bh5 23. Qh6 Bxa3 24. Qxh5 Bxb2 25. f6 Bxc3+ 26. Kd1 g6
27. Bxg6 Kh8 28. Rxc3 Rxf6 29. Rxc6 Rxf3 30. Qxf3 hxg6 31. Qf6+ Kh7 32.
Qxg6+ {Black forfeits on time} 1-0

[Event "ICC tourney 2066 (45 10)"]
[Site "Internet Chess Club"]
[Date "2020.10.17"]
[Round "3"]
[White "espark"]
[Black "helavir"]
[Result "0-1"]
[ICCResult "White resigns"]
[WhiteElo "2309"]
[BlackElo "2629"]
[Opening "Caro-Kann defense"]
[ECO "B15"]
[NIC "CK.05"]
[Time "16:02:19"]
[TimeControl "2700+10"]

1. e4 c6 2. d4 d5 3. Nc3 a6 4. Nf3 Bg4 5. Be3 Nf6 6. e5 Nfd7 7. Bd3 e6 8.
Ne2 c5 9. c3 Bxf3 10. gxf3 cxd4 11. cxd4 Nc6 12. a3 Be7 13. f4 g6 14. Qd2
Na5 15. Rb1 Rc8 16. O-O Nc4 17. Qd1 O-O 18. a4 Nb8 19. b3 Na5 20. Kh1 Nbc6
21. f5 exf5 22. Bh6 Kh8 23. Bxf8 Bxf8 24. Qd2 Nb4 25. Rg1 Qh4 26. Rg2 Nac6
27. f4 Bh6 28. Rf1 a5 29. Bb1 Nd8 30. Rg3 Ne6 31. Qe3 Qd8 32. Rh3 Bf8 33.
Nc3 Qb6 34. Nb5 Nc6 35. Rc1 Qd8 36. Rd1 Qb6 37. Rc1 Rd8 38. Rd1 Ncxd4 39.
Nxd4 Bc5 40. Nxe6 Bxe3 41. Nxd8 Kg7 42. Nxf7 Kxf7 43. Rxh7+ Kg8 44. Rd7 d4
45. Rd6 Qxb3 46. Rxg6+ Kf7 47. Rf6+ Ke7 48. Rf1 Qd5+ {White resigns} 0-1

[Event "ICC tourney 2066 (45 10)"]
[Site "Internet Chess Club"]
[Date "2020.10.17"]
[Round "3"]
[White "guineapig25"]
[Black "kingcaleb"]
[Result "1-0"]
[ICCResult "Black checkmated"]
[WhiteElo "2042"]
[BlackElo "2113"]
[Opening "French: King's Indian attack"]
[ECO "C00"]
[NIC "FR.02"]
[Time "16:01:54"]
[TimeControl "2700+10"]

1. e4 e6 2. d3 d5 3. Nd2 c5 4. Ngf3 Nf6 5. g3 Nc6 6. Bg2 Be7 7. O-O b5 8.
Re1 O-O 9. e5 Nd7 10. Nf1 a5 11. h4 f5 12. exf6 Bxf6 13. Ng5 Bxg5 14. Bxg5
Nf6 15. c4 bxc4 16. dxc4 Nd4 17. cxd5 exd5 18. Re5 Bb7 19. Ne3 Qd6 20. Bf4
Qd7 21. Rc1 Rac8 22. Nc2 Nc6 23. Bxd5+ Kh8 24. Ne3 Nxe5 25. Bxb7 Qxb7 26.
Bxe5 Qf7 27. Qe2 Qh5 28. Qxh5 Nxh5 29. Bd6 Rfd8 30. Rxc5 Rxc5 31. Bxc5 Rd2
32. Ba3 Nf6 33. Nc4 Rd5 34. Kf1 Kg8 35. Ke2 Kf7 36. f3 Ke8 37. b3 Kd8 38.
Bb2 Kc7 39. Bc3 a4 40. g4 axb3 41. axb3 Rb5 42. Nd2 Rc5 43. Bd4 Rd5 44. Ke3
Rd7 45. Bxf6 gxf6 46. Ne4 Rf7 47. Kf4 Kd7 48. Kf5 Ke7 49. h5 Rf8 50. h6 Rf7
51. Nc3 Kd6 52. Ne4+ Ke7 53. Nc3 Kf8 54. Nd5 Rb7 55. Nxf6 Rb5+ 56. Kf4 Rb7
57. g5 Rb4+ 58. Kf5 Rb5+ 59. Kg4 Rb7 60. f4 Rf7 61. b4 Rb7 62. b5 Rf7 63. b6
Rb7 64. f5 Rf7 65. Kh5 Rb7 66. g6 hxg6+ 67. fxg6 Rxb6 68. g7+ Kf7 69. g8=Q+
Kxf6 70. Qg6+ Ke5 71. Qxb6 Kf4 72. Qd4+ Kg3 73. h7 Kh2 74. h8=R Kg2 75. Qe3
Kh1 76. Qg5 Kh2 77. Qg7 Kh1 78. Kh6 Kh2 79. Kh7 Kh1 80. Kg8# {Black
checkmated} 1-0

[Event "ICC tourney 2066 (45 10)"]
[Site "Internet Chess Club"]
[Date "2020.10.17"]
[Round "4"]
[White "tcao"]
[Black "IndianTerritory"]
[Result "0-1"]
[ICCResult "White resigns"]
[WhiteElo "2045"]
[BlackElo "2091"]
[Opening "Caro-Kann: advance variation"]
[ECO "B12"]
[NIC "CK.04"]
[Time "18:36:18"]
[TimeControl "2700+10"]

1. e4 c6 2. d4 d5 3. e5 Bf5 4. f4 e6 5. Nf3 Be7 6. Be2 Nh6 7. O-O c5 8. c3
O-O 9. h3 Nc6 10. g4 Be4 11. Nbd2 cxd4 12. Nxe4 dxe4 13. Nxd4 Qb6 14. Qb3
Nxd4 15. Qxb6 Nxe2+ 16. Kf2 axb6 17. Kxe2 f5 18. exf6 gxf6 19. f5 Nf7 20.
fxe6 Ne5 {White resigns} 0-1

[Event "ICC tourney 2066 (45 10)"]
[Site "Internet Chess Club"]
[Date "2020.10.17"]
[Round "4"]
[White "IAlwaysWin"]
[Black "MeWantCookie"]
[Result "1-0"]
[ICCResult "Black resigns"]
[WhiteElo "1980"]
[BlackElo "1994"]
[Opening "Nimzovich-Larsen attack: classical variation"]
[ECO "A01"]
[NIC "VO.08"]
[Time "18:37:06"]
[TimeControl "2700+10"]

1. b3 d5 2. Bb2 Bf5 3. d3 e6 4. Nd2 Nf6 5. g3 c6 6. Bg2 h6 7. e4 Bh7 8. Ne2
Nbd7 9. O-O Be7 10. h3 Nc5 11. exd5 cxd5 12. a4 O-O 13. f4 Qb6 14. Kh2 Rfc8
15. Bd4 Qd8 16. a5 Bd6 17. Nf3 Ncd7 18. Ra2 Bb4 19. Qa1 Rc6 20. Ne5 Nxe5 21.
Bxe5 Rac8 22. a6 bxa6 23. Nd4 Rb6 24. f5 Bd6 25. Bxf6 Qxf6 26. fxe6 Qe5 27.
exf7+ Kf8 28. Nf5 Qxa1 29. Raxa1 Bxf5 30. Rxf5 Rxc2 31. Re1 Be7 32. Rxe7
{Black resigns}
1-0

[Event "ICC tourney 2066 (45 10)"]
[Site "Internet Chess Club"]
[Date "2020.10.17"]
[Round "4"]
[White "annameiyappan"]
[Black "mrlammy"]
[Result "0-1"]
[ICCResult "White resigns"]
[WhiteElo "2009"]
[BlackElo "1698"]
[Opening "French defense, Steiner variation"]
[ECO "C00"]
[NIC "FR.01"]
[Time "18:36:12"]
[TimeControl "2700+10"]

1. e4 e6 2. c4 d5 3. exd5 exd5 4. cxd5 Nf6 5. Bb5+ Bd7 6. Bc4 Bf5 7. Nc3 Bd6
8. Nge2 O-O 9. O-O Bxh2+ 10. Kxh2 Ng4+ 11. Kg3 Qg5 12. f4 Qg6 13. Kf3 Re8
14. d3 Nd7 15. Rh1 Nc5 16. Qg1 Nxd3 17. Bxd3 Bxd3 18. Ng3 Nf6 19. Qd4 c5 20.
dxc6 Rad8 21. Qxa7 Ng4 22. f5 Bxf5 23. Rd1 Rxd1 24. Nxd1 Qxc6+ 25. Kf4 Qd6+
26. Kf3 Qxd1+ 27. Kf4 Nh6 {White resigns} 0-1

[Event "ICC tourney 2066 (45 10)"]
[Site "Internet Chess Club"]
[Date "2020.10.17"]
[Round "4"]
[White "Chessking2008"]
[Black "guineapig25"]
[Result "0-1"]
[ICCResult "White checkmated"]
[WhiteElo "2154"]
[BlackElo "2044"]
[Opening "King's Indian: orthodox, Aronin-Taimanov, bayonet attack"]
[ECO "E97"]
[NIC "KI.05"]
[Time "18:36:18"]
[TimeControl "2700+10"]

1. c4 Nf6 2. d4 g6 3. Nc3 Bg7 4. e4 d6 5. Nf3 O-O 6. Be2 e5 7. O-O Nc6 8. d5
Ne7 9. b4 a5 10. Ba3 Nh5 11. bxa5 Rxa5 12. Bb4 Ra8 13. Re1 Nf4 14. Bf1 f5
15. g3 Nh5 16. c5 f4 17. Ng5 Bh6 18. Ne6 Bxe6 19. dxe6 Nc6 20. cxd6 Nxb4 21.
e7 Qxd6 22. exf8=Q+ Bxf8 23. Qb3+ Kh8 24. Red1 Qf6 25. a3 fxg3 26. hxg3 Bc5
27. Qb2 Rf8 28. Rd2 Qf3 29. Kh2 Bxf2 30. Ne2 Nf6 31. Qxb4 Ng4+ 32. Kh3 Qh1+
33. Kxg4 Qh5# {White checkmated} 0-1

[Event "ICC tourney 2066 (45 10)"]
[Site "Internet Chess Club"]
[Date "2020.10.17"]
[Round "4"]
[White "AJM04"]
[Black "funplaychess"]
[Result "1/2-1/2"]
[ICCResult "Game drawn by repetition"]
[WhiteElo "2070"]
[BlackElo "2330"]
[Opening "Sicilian: closed, 6.f4"]
[ECO "B25"]
[NIC "SI.45"]
[Time "18:36:27"]
[TimeControl "2700+10"]

1. e4 c5 2. Nc3 d6 3. g3 Nc6 4. Bg2 g6 5. d3 Bg7 6. f4 Rb8 7. Be3 e6 8. Nf3
Nge7 9. O-O b5 10. d4 cxd4 11. Nxd4 Nxd4 12. Bxd4 Bxd4+ 13. Qxd4 Qb6 14.
Qxb6 Rxb6 15. a3 h5 16. h4 Bb7 17. Rfd1 Kd7 18. a4 b4 19. a5 Rc6 20. Nb5 a6
21. Nd4 Rc5 22. Rd2 Rhc8 23. Ra4 Bc6 24. Rxb4 Rxa5 25. Nb3 Rb5 26. Rbd4 d5
27. Bf1 Rb6 28. Bxa6 Ra8 29. Bf1 Ra2 30. exd5 Bxd5 31. c4 Rxb3 32. cxd5 exd5
33. Bc4 Ra1+ 34. Kf2 Rb4 35. Bxd5 Rxd4 36. Rxd4 Nxd5 37. Rxd5+ Ke6 38. Rb5
Rb1 39. b4 Rb3 40. Rb8 Kf5 41. Rb5+ Ke6 42. Rb8 Kf5 43. Rb5+ Ke6
{Game drawn by repetition}
1/2-1/2

[Event "ICC tourney 2066 (45 10)"]
[Site "Internet Chess Club"]
[Date "2020.10.17"]
[Round "4"]
[White "RogerZ"]
[Black "GLeschinsky"]
[Result "0-1"]
[ICCResult "White checkmated"]
[WhiteElo "1954"]
[BlackElo "2179"]
[Opening "Caro-Kann: Steinitz variation"]
[ECO "B17"]
[NIC "CK.05"]
[Time "18:36:16"]
[TimeControl "2700+10"]

1. e4 c6 2. d4 d5 3. Nc3 dxe4 4. Nxe4 Nd7 5. Ng5 h6 6. Ne6 Qb6 7. Nxf8 Nxf8
8. Nf3 Nf6 9. Bd3 Bf5 10. Bxf5 Qa5+ 11. Bd2 Qxf5 12. O-O Ng6 13. c4 O-O 14.
Re1 Rfe8 15. b3 Rad8 16. Qc1 Nh5 17. Bc3 Nhf4 18. Re3 e6 19. Qf1 Ne7 20. Re5
Qg4 21. Re3 Nf5 22. Ree1 Nh4 23. Nxh4 Qxh4 24. Kh1 Qg4 25. Re3 Nh5 26. Qe2
Qxe2 27. Rxe2 Nf4 28. Re3 Ng6 29. g3 Rd7 30. Rd1 Red8 31. Red3 h5 32. Kg2
Ne7 33. Bb2 Nf5 34. f4 c5 35. d5 exd5 36. cxd5 Rxd5 37. Rxd5 Rxd5 38. Rxd5
Ne3+ 39. Kf3 Nxd5 40. Ke4 Nc7 41. Ke5 f6+ 42. Kd6 Na6 43. Ba3 Kf7 44. Bxc5
Nxc5 45. Kxc5 Ke6 46. Kd4 Kf5 47. h3 h4 48. gxh4 Kxf4 49. Kd5 Kg3 50. Ke6
Kxh3 51. Kf5 Kxh4 52. Kg6 Kg4 53. Kxg7 f5 54. Kf6 f4 55. Ke5 f3 56. Ke4 f2
57. Ke3 f1=Q 58. Kd4 Qa1+ 59. Kc5 Qxa2 60. Kd6 Qxb3 61. Kc7 a5 62. Kb8 a4
63. Kc7 a3 64. Kc8 a2 65. Kd7 a1=Q 66. Kd6 Qd4+ 67. Kc7 Qbc4+ 68. Kb8 Qd8+
69. Ka7 Qa6# {White checkmated} 0-1

[Event "ICC tourney 2066 (45 10)"]
[Site "Internet Chess Club"]
[Date "2020.10.17"]
[Round "4"]
[White "helavir"]
[Black "TjkTiger"]
[Result "1/2-1/2"]
[ICCResult "Game drawn by repetition"]
[WhiteElo "2623"]
[BlackElo "2601"]
[Opening "Sicilian: accelerated fianchetto, Maróczy bind, 6.Be3"]
[ECO "B38"]
[NIC "SI.43"]
[Time "18:37:06"]
[TimeControl "2700+10"]

1. e4 c5 2. Nf3 g6 3. d4 cxd4 4. Nxd4 Bg7 5. c4 Nc6 6. Be3 Qb6 7. Nb3 Qd8 8.
Qd2 Nf6 9. Nc3 Ng4 10. Bf4 O-O 11. Be2 d6 12. O-O a5 13. h3 Nge5 14. Be3 Be6
15. Nd5 Nd7 16. Rac1 a4 17. Nd4 Bxd5 18. cxd5 Nxd4 19. Bxd4 Bxd4 20. Qxd4
Qa5 21. f4 Rfc8 22. Bg4 Rxc1 23. Rxc1 Nc5 24. h4 Qb5 25. Rc4 Qa5 26. Rc3 Qb5
27. Rc4 Qa5 28. Rc3 Qb5 29. Rc4 {Game drawn by repetition} 1/2-1/2

[Event "ICC tourney 2066 (45 10)"]
[Site "Internet Chess Club"]
[Date "2020.10.17"]
[Round "4"]
[White "kingcaleb"]
[Black "Monkeybomb3605"]
[Result "0-1"]
[ICCResult "White resigns"]
[WhiteElo "2114"]
[BlackElo "2059"]
[Opening "Sicilian"]
[ECO "B50"]
[NIC "SI.01"]
[Time "18:36:45"]
[TimeControl "2700+10"]

1. e4 c5 2. Nf3 d6 3. c3 Nf6 4. Be2 Nbd7 5. d3 b6 6. Nbd2 Bb7 7. O-O g6 8.
h3 Bg7 9. Nh2 d5 10. Qc2 O-O 11. f4 dxe4 12. dxe4 e5 13. f5 Qc7 14. g4 gxf5
15. gxf5 Qc6 16. Bf3 c4 17. Kh1 Kh8 18. Ng4 Rg8 19. Rg1 Rae8 20. b4 b5 21.
Bb2 Nxg4 22. hxg4 Bh6 23. Rg2 Bf4 24. Nf1 Qh6+ 25. Nh2 Nf6 26. Bc1 Bxc1 27.
Rxc1 Bxe4 28. Bxe4 Nxe4 29. Rd1 Qc6 30. Re1 Ng5 31. Qf2 a6 32. Qg3 f6 33.
Kg1 Rd8 34. Rge2 Rd3 35. Re3 Rgd8 36. a3 Rxe3 37. Rxe3 Rd1+ 38. Nf1 Qd5 39.
Qf2 Rd3 40. Rxd3 cxd3 41. Qb6 Ne4 42. Qb8+ Qg8 43. Qxg8+ Kxg8 44. Ne3 Nxc3
{White resigns}
0-1